 Dungeon Crawl Stone Soup version 0.31-a0-983-g7b6862f502 (webtiles) character file.

Game seed: 16784777120261967508

4553 Whiskey the Grappler (level 10, -6/84 HPs)
             Began as a Troll Shapeshifter on Nov 2, 2023.
             Was a Follower of Qazlal.
             Mangled by a killer bee (8 damage)
             ... on level 8 of the Dungeon.
             The game lasted 00:15:51 (6622 turns).

Whiskey the Grappler (Troll Shapeshifter)           Turns: 6622, Time: 00:15:51

Health: -6/84      AC:  3    Str: 24    XL:     10   Next: 17%
Magic:  9/9        EV:  9    Int: 10    God:    Qazlal [*.....]
Gold:   329        SH:  1    Dex:  9    Spells: 9/9 levels left

rFire   . .          .
                       - Unarmed
rCold   + . .        (no shield)
rNeg    . . .        z - melded +0 steam dragon scales
rPois   .            (helmet restricted)
rElec   .            r - +0 cloak {Stlth+}
rCorr   .            (gloves unavailable)
SInv    .            (boots unavailable)
Will    .....        x - amulet of regeneration {+regen, !d}
Stlth   ++           f - ring of protection from cold {rC+, !d}
HPRegen 1.94/turn    F - ring of flight {+Fly, !d}
MPRegen 0.11/turn

%: no passive effects
@: maw-form, flying
A: devouring maw, large, unfitting armour, claws 3, regeneration 1, shaggy fur
1, tough skin 1
a: Begin Untransformation, Renounce Religion


You were on level 8 of the Dungeon.
You worshipped Qazlal.
Qazlal was aware of your devotion.
You were a creature with a mouth for a stomach.
You visited 2 branches of the dungeon, and saw 9 of its levels.

You collected 329 gold pieces.

Inventory:

Hand Weapons
 u - a +0 broad axe of pain
   (You took it off Maggie on level 6 of the Dungeon)
 N - a +0 dagger of venom
   (You found it on level 8 of the Dungeon)
Missiles
 v - 2 throwing nets {=f, !d}
 I - 9 poisoned darts
Armour
 r - a +0 cloak of stealth (worn)
   (You took it off Crazy Yiuf on level 2 of the Dungeon)
 z - +0 steam dragon scales (melded)
   (You took it off Maggie on level 6 of the Dungeon)
 E - a +0 robe
   (You took it off a gnoll bouda on level 8 of the Dungeon)
 L - a +2 robe of fire resistance
   (You found it on level 7 of the Dungeon)
 M - a +0 robe
   (You took it off an orc wizard on level 8 of the Dungeon)
Magical Staves
 H - a staff of fire {rF+}
   (You found it on level 5 of the Dungeon)
Jewellery
 f - a ring of protection from cold (left claw) {rC+, !d}
   (You found it on level 1 of the Dungeon)
 x - an amulet of regeneration (around neck) {+regen, !d}
   (You took it off a kobold on level 3 of the Dungeon)
 A - a ring of wizardry {Wiz+, !d}
   (You found it on level 6 of the Dungeon)
 F - a ring of flight (right claw) {+Fly, !d}
   (You found it on level 6 of the Dungeon)
 J - a +6 ring of intelligence
   (You found it on level 5 of the Dungeon)
Talismans
 c - a beast talisman
 d - a flux talisman
 q - a maw talisman (active)
   (You found it on level 7 of the Dungeon)
Wands
 n - a wand of iceblast (3)
   (You found it on level 5 of the Dungeon)
 y - a wand of paralysis (15)
   (You took it off Ijyb on level 3 of the Dungeon)
Scrolls
 a - a scroll of enchant weapon {unknown}
 e - 2 scrolls of fog {unknown}
 g - 3 scrolls of noise {unknown}
 h - a scroll of teleportation {unknown}
 k - 2 scrolls of brand weapon {unknown}
 l - 3 scrolls of vulnerability {unknown}
 o - 6 scrolls of identify {unknown}
 s - 3 scrolls of enchant armour {unknown}
 D - a scroll of revelation {unknown}
 G - 2 scrolls of poison {unknown}
 O - a scroll of torment {unknown}
Potions
 b - a potion of lignification {!q}
 i - 2 potions of degeneration {!q}
 j - 3 potions of magic {unknown}
 m - 2 potions of mutation {unknown}
 p - a potion of curing
 t - a potion of haste {unknown}
 w - a potion of berserk rage {unknown}
 B - a potion of might {unknown}
 C - a potion of ambrosia {unknown}
 K - 2 potions of enlightenment {unknown}


   Skills:
 - Level 1.0 Fighting
 - Level 1.5 Dodging
 * Level 11.0 Unarmed Combat
 * Level 10.2 Shapeshifting


You had 9 spell levels left.
You didn't know any spells.
Your spell library contained the following spells:

 Spells                   Type           Power      Damage    Failure   Level
 Apportation              Tloc           0%         N/A       36%         1
 Necrotise                Necr           0%         1d4       36%         1
 Summon Small Mammal      Summ           0%         N/A       36%         1


Dungeon Overview and Level Annotations

Branches:
Dungeon (8/15)             Temple (1/1) D:7
   Lair: D:8-11

Altars:
Ashenzari
Cheibriados
Dithmenos
Elyvilon
Fedhas
Gozag
Hepliaklqana
Kikubaaqudgha
Makhleb
Nemelex Xobeh
Okawaru
Qazlal
Ru
Sif Muna
Trog
Uskayaw
Vehumet
Wu Jian
Xom
Yredelemnul
Zin
The Shining One

Annotations:
D:6 2 transporters, olourkin's ghost, novice MfSu


Innate Abilities, Weirdness & Mutations

You are a creature with a mouth for a stomach.
Your midsection houses a second, enormous mouth.
You are too large for most types of armour.
You have claws for hands.
Your natural rate of healing is unusually fast.
You are covered in fur. (AC +1)
You have tough skin. (AC +1)


Message History

You are more poisoned.
The killer bee poisons you!
You take 2 damage, and have 65/84 hp.
You scratch the killer bee.
You devour the killer bee!
You feel better.
You kill the killer bee!
Qazlal accepts your kill.
You feel very sick.
Your Unarmed Combat skill increases to level 11!
You regained 3 hp, and now have 68/84 hp.
You feel sick.
The killer bee stings you but does no damage.
The killer bee stings you!
You take 7 damage, and have 61/84 hp.
You scratch the killer bee. Your bite misses the killer bee.
You feel sick. The killer bee barely misses you. The killer bee stings you.
You are more poisoned.
The killer bee poisons you! The killer bee stings you.
The killer bee stings you! The killer bee barely misses you.
You take 10 damage, and have 51/84 hp.
You miss the killer bee. Your bite misses the killer bee.
You feel very sick. The killer bee barely misses you.
The killer bee stings you. x2
You are more poisoned.
The killer bee poisons you!
You take 13 damage, and have 38/84 hp.
You are too injured to fight recklessly!
You are too injured to fight recklessly!
You are too injured to fight recklessly!
You are too injured to fight recklessly!
You are too injured to fight recklessly!
You are too injured to fight recklessly!
You are too injured to fight recklessly!
You are too injured to fight recklessly!
You are too injured to fight recklessly!
You are too injured to fight recklessly!
You are too injured to fight recklessly!
You are too injured to fight recklessly!
You are too injured to fight recklessly!
You are too injured to fight recklessly!
You are too injured to fight recklessly!
You are too injured to fight recklessly!
You mangle the killer bee!!
You devour the killer bee!
You feel better.
You kill the killer bee!
Qazlal accepts your kill.
You feel very sick. The killer bee stings you!
You are more poisoned.
The killer bee poisons you! The killer bee stings you.
You are more poisoned.
The killer bee poisons you! The killer bee stings you.
* * * LOW HITPOINT WARNING * * *
The killer bee closely misses you.
You take 14 damage, and have 24/84 hp.
You closely miss the killer bee. You bite the killer bee.
You feel very sick. The killer bee stings you.
* * * LOW HITPOINT WARNING * * *
The killer bee stings you but does no damage.
You take 6 damage, and have 18/84 hp.
You closely miss the killer bee. Your claw misses the killer bee.
You bite the killer bee!
You devour the killer bee!
You feel better.
You kill the killer bee!
Qazlal accepts your kill.
You feel very sick. The killer bee closely misses you.
The killer bee barely misses you.
You regained 2 hp, and now have 20/84 hp.
You barely miss the killer bee. Your bite misses the killer bee.
You feel very sick. The killer bee barely misses you.
The killer bee closely misses you.
You take 4 damage, and have 16/84 hp.
You miss the killer bee. Your bite misses the killer bee.
You feel very sick.
A killer bee comes into view.
The killer bee stings you.
* * * LOW HITPOINT WARNING * * *
You take 7 damage, and have 9/84 hp.
The killer bee buzzes angrily.
You scratch the killer bee.
You feel very sick. The killer bee stings you.
* * * LOW HITPOINT WARNING * * *
You are lethally poisoned!
The killer bee poisons you! The killer bee barely misses you.
You take 4 damage, and have 5/84 hp.
You scratch the killer bee. Your bite misses the killer bee.
* * * LOW HITPOINT WARNING * * *
You feel very sick.
The killer bee stings you but does no damage.
You take 2 damage, and have 3/84 hp.
You feel better. The killer bee stings you.
* * * LOW HITPOINT WARNING * * *
The killer bee stings you.
* * * LOW HITPOINT WARNING * * *
You miss the killer bee. Your bite misses the killer bee.
The killer bee stings you but does no damage.
The killer bee stings you.
* * * LOW HITPOINT WARNING * * *
A killer bee comes into view.
The killer bee stings you!
You die...

#............##..#
#...[.........#
#########............[.
##............#######...
y..........#### ##..
#.........[## #..
............# #..
......y.....# #..
.......W....# ##..
.......y....# #...
............# #...
............# #...
...........## ####..#
....$......# ##.....#
.........$## #......#
.........## #.......
#.......


You could see 3 killer bees.

Vanquished Creatures
  A two-headed ogre (D:7)
  Joseph (D:6)
  Maggie (D:6)
  Sigmund (D:5)
  A steam dragon (D:6)
  A water moccasin (D:5)
  3 ogres
  2 orc warriors
  A black bear (D:4)
  A sky beast (D:7)
  3 centaurs
  2 phantoms (D:6)
  3 bullfrogs
  3 scorpions
  3 killer bees (D:8)
  A howler monkey (D:6)
  Crazy Yiuf (D:2)
  5 hounds
  3 gnoll boudas
  A jelly (D:4)
  6 orc priests
  A sleepcap (D:6)
  Natasha (thrice) (D:3)
  3 iguanas
  Ijyb (D:3)
  7 orc wizards
  Robin (D:2)
  11 gnolls
  5 adders
  5 shadow imps
  7 white imps
  An ufetubus (D:7)
  2 worms
  A dart slug (D:1)
  40 orcs
  7 ball pythons
  5 endoplasms
  4 giant cockroaches
  11 goblins
  6 hobgoblins
  6 jackals (D:3)
  A quokka (D:1)
  3 bats
  3 frilled lizards
  7 kobolds
  3 rats
188 creatures vanquished.

Vanquished Creatures (others)
  Prince Ribbit (D:5)
  An orc wizard (D:5)
  An orc (D:6)
3 creatures vanquished.

Grand Total: 191 creatures vanquished

Notes
Turn   | Place    | Note
-------+----------+-------------------------------------------
     0 | D:1      | Whiskey the Troll Shapeshifter began the quest for the Orb.
     0 | D:1      | Reached XP level 1. HP: 18/18 MP: 0/0
   103 | D:1      | Found a faded altar of an unknown god.
   214 | D:1      | Reached skill level 1 in Fighting
   214 | D:1      | Reached XP level 2. HP: 27/27 MP: 1/1
   808 | D:2      | Noticed Robin
   820 | D:2      | Killed Robin
   821 | D:2      | Reached XP level 3. HP: 18/33 MP: 2/2
   962 | D:2      | Reached skill level 4 in Unarmed Combat
   962 | D:2      | Reached XP level 4. HP: 36/41 MP: 3/3
   974 | D:2      | HP: 10/41 [something/puff of flame (9)]
   982 | D:2      | Reached skill level 4 in Shapeshifting
  1021 | D:2      | Found a runed translucent door.
  1022 | D:2      | Noticed Crazy Yiuf
  1338 | D:2      | Killed Crazy Yiuf
  1339 | D:2      | Reached XP level 5. HP: 21/48 MP: 4/4
  1723 | D:3      | Reached skill level 5 in Unarmed Combat
  1728 | D:3      | HP: 12/48 [gnoll/+0 whip[a gnoll bouda] (9)]
  1730 | D:3      | Reached XP level 6. HP: 14/55 MP: 5/5
  1923 | D:3      | Reached skill level 5 in Shapeshifting
  1997 | D:3      | Noticed Natasha
  1997 | D:3      | Noticed Ijyb
  2011 | D:3      | Killed Natasha
  2062 | D:3      | Noticed Natasha
  2067 | D:3      | Killed Natasha
  2071 | D:3      | Paralysed by Ijyb for 5 turns
  2077 | D:3      | Killed Ijyb
  2174 | D:3      | Noticed Natasha
  2183 | D:3      | Killed Natasha
  2225 | D:4      | Found a glowing golden altar of the Shining One.
  2425 | D:4      | Found a burning altar of Makhleb.
  2556 | D:4      | Found an ancient bone altar of Kikubaaqudgha.
  2830 | D:4      | Reached skill level 6 in Unarmed Combat
  2830 | D:4      | Reached XP level 7. HP: 49/62 MP: 6/6
  3013 | D:5      | Entered Level 5 of the Dungeon
  3017 | D:5      | Reached skill level 6 in Shapeshifting
  3137 | D:5      | Noticed Prince Ribbit
  3162 | D:5      | Killed Prince Ribbit
  3163 | D:5      | Reached skill level 7 in Unarmed Combat
  3387 | D:5      | Reached XP level 8. HP: 30/70 MP: 7/7
  3452 | D:5      | Noticed Sigmund
  3502 | D:5      | Killed Sigmund
  3503 | D:5      | Reached skill level 7 in Shapeshifting
  3707 | D:5      | Reached skill level 8 in Unarmed Combat
  4056 | D:6      | Identified the +0 ring mail "Fuwnu Fen" {-Cast rPois rF+
                  | Will+ Str+3}
  4064 | D:6      | Found a shimmering altar of Xom.
  4073 | D:6      | Reached skill level 8 in Shapeshifting
  4089 | D:6      | Reached skill level 9 in Unarmed Combat
  4089 | D:6      | Reached XP level 9. HP: 45/76 MP: 8/8
  4141 | D:6      | Found a shimmering blue altar of Sif Muna.
  4150 | D:6      | Found a transporter.
  4153 | D:6      | Noticed olourkin's ghost (novice MfSu)
  4155 | D:6      | Noticed a cyclops
  4178 | D:6      | Noticed Maggie
  4184 | D:6      | HP: 18/76 [Maggie/bolt of fire (26)]
  4190 | D:6      | Killed Maggie
  4248 | D:6      | Found an opulent altar of Gozag.
  4570 | D:6      | Found a transporter.
  4666 | D:6      | Reached skill level 9 in Shapeshifting
  5094 | D:7      | Found a bloodstained altar of Trog.
  5094 | D:7      | Found a basalt altar of Yredelemnul.
  5168 | D:7      | Found a staircase to the Ecumenical Temple.
  5177 | Temple   | Entered the Ecumenical Temple
  5190 | Temple   | Became a worshipper of Qazlal Stormbringer
  5201 | D:7      | Noticed Joseph
  5446 | D:7      | HP: 18/76 [centaur/arrow (6)]
  5458 | D:7      | HP: 19/76 [Joseph/sling bullet (12)]
  5459 | D:7      | HP: 6/76 [Joseph/sling bullet (15)]
  5463 | D:7      | HP: 1/76 [Joseph/sling bullet (13)]
  5474 | D:7      | HP: 12/76 [Joseph/sling bullet (10)]
  5480 | D:7      | HP: 16/76 [Joseph/sling bullet (13)]
  5485 | D:7      | HP: 1/76 [Joseph/sling bullet (17)]
  5493 | D:7      | HP: 13/76 [centaur/arrow (3)]
  5495 | D:7      | HP: 3/76 [centaur/arrow (9)]
  5578 | D:6      | Reached skill level 10 in Unarmed Combat
  5594 | D:6      | Killed Joseph
  5652 | D:7      | Found a broken altar of Ashenzari.
  6177 | D:8      | Noticed a two-headed ogre
  6217 | D:7      | HP: 10/74 [two-headed ogre/+0 giant club (19)]
  6219 | D:7      | Killed a two-headed ogre
  6220 | D:7      | Reached skill level 10 in Shapeshifting
  6220 | D:7      | Reached XP level 10. HP: 34/84 MP: 9/9
  6320 | D:8      | Reached * piety under Qazlal
  6611 | D:8      | Reached skill level 11 in Unarmed Combat
  6615 | D:8      | HP: 19/84 [poisoned by a killer bee]
  6618 | D:8      | HP: 9/84 [killer bee (6)]
  6620 | D:8      | HP: 3/84 [poisoned by a killer bee]
  6622 | D:8      | Mangled by a killer bee

Illustrated notes

Levels and vault maps discovered:
D:1:      tarquinn_simple_flora_water_e, layout_basic,
          shapermc_ecumenical_altar_mp_urbaneastern
D:2:      layout_loops_ring, uniq_crazy_yiuf_cottage, uniq_robin
D:3:      layout_basic, grunt_ministairs_8, uniq_ijyb, uniq_natasha
D:4:      layout_gridville, marbit_many_paths, tso_metal_star,
          mainiacjoe_overflow_brackets, kennysheep_generic_room_8
D:5:      layout_loops_ring, uniq_prince_ribbit1, uniq_sigmund
D:6:      layout_basic, overflow_temple_1_default, grunt_gozag_statues,
          xom_confusion_cloud, gammafunk_ghost_arena, uniq_maggie
D:7:      layout_loops_cross, nicolae_ashenzari_skybound,
          mainiacjoe_overflow_divided_tiny, minmay_temple_entry_tees,
          serial_demonic, serial_demonic_d, serial_demonic_b, serial_demonic_d,
          serial_demonic_f, serial_demonic_c, serial_demonic_e, uniq_joseph
D:8:      layout_cave_pods
Temple:   cyrus_circular_temple

Skill      XL: |  1  2  3  4  5  6  7  8  9 10 |
---------------+-------------------------------+-----
Fighting       | 1 |  1.0
Unarmed Combat | 4 5 6 7 9 10 11 | 11.0
Shapeshifting  | 4 5 6 8 10 | 10.2
Dodging        | |  1.5

Action                     |  1- 3 |  4- 6 |  7- 9 | 10-12 || total
---------------------------+-------+-------+-------+-------++-------
  Melee: Unarmed           |    68 |   154 |   260 |    29 ||   511
         Punch             |     1 |     3 |    16 |     1 ||    21
         Maw               |       |       |     6 |     4 ||    10
    Use: Potion            |       |       |     2 |     1 ||     3
   Stab: Sleeping          |     1 |       |       |       ||     1
 Armour: Animal skin       |    46 |   110 |    83 |       ||   239
         Steam dragon scal |       |       |   133 |       ||   133
         Skin              |       |       |    25 |    35 ||    60
  Dodge: Dodged            |    15 |    59 |   120 |    18 ||   212
   Form: Beast             |       |     1 |       |       ||     1
         Flux              |       |     1 |       |       ||     1
         Maw               |       |       |     1 |       ||     1

Table legend: (Time is in decaauts)
 A = Elapsed time spent in this place.
 B = Non-inter-level travel time spent in this place.
 C = Inter-level travel time spent in this place.
 D = Time resting spent in this place.
 E = Time spent auto-exploring this place.
 F = Levels seen in this place.
 G = Mean time per level.
                   A        B        C        D        E       F      G
               +--------+--------+--------+--------+--------+-----+--------+
         Total |   6568 |   6269 |    299 |    418 |   4636 |   9 |  729.8 |
       Dungeon |   6327 |   6035 |    292 |    237 |   4636 |   8 |  790.9 |
        Temple |    240 |    233 |      7 |    181 |      0 |   1 |  240.0 |
               +--------+--------+--------+--------+--------+-----+--------+

Top non-repeatable levels by time:
     D:6: 1156 daAuts
     D:5: 1006 daAuts
     D:4: 808 daAuts
     D:3: 799 daAuts
     D:2: 749 daAuts
     D:7: 738 daAuts
     D:1: 635 daAuts
     D:8: 433 daAuts
  Temple: 240 daAuts

Levels and vault maps discovered:
D:1:      tarquinn_simple_flora_water_e, layout_basic,
          shapermc_ecumenical_altar_mp_urbaneastern
D:2:      layout_loops_ring, uniq_crazy_yiuf_cottage, uniq_robin
D:3:      layout_basic, grunt_ministairs_8, uniq_ijyb, uniq_natasha
D:4:      layout_gridville, marbit_many_paths, tso_metal_star,
          mainiacjoe_overflow_brackets, kennysheep_generic_room_8
D:5:      layout_loops_ring, uniq_prince_ribbit1, uniq_sigmund
D:6:      layout_basic, overflow_temple_1_default, grunt_gozag_statues,
          xom_confusion_cloud, gammafunk_ghost_arena, uniq_maggie
D:7:      layout_loops_cross, nicolae_ashenzari_skybound,
          mainiacjoe_overflow_divided_tiny, minmay_temple_entry_tees,
          serial_demonic, serial_demonic_d, serial_demonic_b, serial_demonic_d,
          serial_demonic_f, serial_demonic_c, serial_demonic_e, uniq_joseph
D:8:      layout_cave_pods
Temple:   cyrus_circular_temple

Table legend: (Time is in decaauts)
 A = Elapsed time spent in this place.
 B = Non-inter-level travel time spent in this place.
 C = Inter-level travel time spent in this place.
 D = Time resting spent in this place.
 E = Time spent auto-exploring this place.
 F = Levels seen in this place.
 G = Mean time per level.
                   A        B        C        D        E       F      G
               +--------+--------+--------+--------+--------+-----+--------+
         Total |   6568 |   6269 |    299 |    418 |   4636 |   9 |  729.8 |
       Dungeon |   6327 |   6035 |    292 |    237 |   4636 |   8 |  790.9 |
        Temple |    240 |    233 |      7 |    181 |      0 |   1 |  240.0 |
               +--------+--------+--------+--------+--------+-----+--------+

Top non-repeatable levels by time:
     D:6: 1156 daAuts
     D:5: 1006 daAuts
     D:4: 808 daAuts
     D:3: 799 daAuts
     D:2: 749 daAuts
     D:7: 738 daAuts
     D:1: 635 daAuts
     D:8: 433 daAuts
  Temple: 240 daAuts

Table legend:
 A = Kills in this place as a percentage of kills in the entire game.
 B = Kills by you in this place as a percentage of kills by you in the entire game.
 C = Kills by friends in this place as a percentage of kills by friends in the entire game.
 D = Other kills in this place as a percentage of other kills in the entire game.
 E = Experience gained in this place as a percentage of experience gained in the entire game.
 F = Experience gained in this place divided by the number of levels of this place that you have seen.
                   A       B       C       D       E      F
               +-------+-------+-------+-------+-------+----------------------
         Total | 100.0 | 100.0 |   N/A | 100.0 | 100.0 | 722.8
       Dungeon | 100.0 | 100.0 |   N/A | 100.0 | 100.0 | 813.1
               +-------+-------+-------+-------+-------+----------------------
